 Dungeon Crawl Stone Soup version 0.28-a0-845-gfc338a8e3c (webtiles) character file.

Game seed: 15167132883466556391

21 Conn the Firebug (level 2, -6/17 HPs)
             Began as an Octopode Fire Elementalist on Nov 13, 2021.
             Mangled by Sigmund (12 damage)
             ... on level 2 of the Dungeon.
             The game lasted 00:02:35 (1602 turns).

Conn the Firebug (Octopode Fire Elementalist)       Turns: 1602, Time: 00:02:36

Health: -6/17      AC:  1    Str:  7    XL:     2   Next: 83%
Magic:  0/5        EV: 13    Int: 17    God:
Gold:   42         SH:  0    Dex: 12    Spells: 4/5 levels left

rFire   . . .      SeeInvis .   d - +0 dagger
rCold   . . .      Faith    .   (no shield)
rNeg    . . .      Spirit   .   (helmet restricted)
rPois   .          Reflect  .   (no amulet)
rElec   .          Harm     .   (no ring)
rCorr   .          Rampage  .   (no ring)
Will    .....                   (no ring)
Stlth   +++.......              (no ring)
HPRegen 0.05/turn               (no ring)
MPRegen 0.09/turn               (no ring)
                                (no ring)
                                (no ring)

@: mighty
A: almost no armour, amphibious, 8 rings, camouflage 1, gelatinous body 1,
(nimble swimmer 1), tentacles
a: no special abilities


You were on level 2 of the Dungeon.
You visited 1 branch of the dungeon, and saw 2 of its levels.

You collected 42 gold pieces.

Inventory:

Hand Weapons
 d - a +0 dagger (weapon)
Scrolls
 b - a scroll of vulnerability {unknown}
 c - 2 scrolls of enchant armour {unknown}
 f - a scroll of identify {unknown}
 g - a scroll of fog {unknown}


   Skills:
 + Level 2.0 Dodging
 + Level 3.2 Stealth
 + Level 2.1 Spellcasting
 + Level 1.0 Conjurations
 + Level 3.6 Fire Magic


You had 4 spell levels left.
You knew the following spells:

 Your Spells              Type           Power      Damage    Failure   Level
a - Foxfire               Conj/Fire      36%        2x1d5     8%          1

Your spell library contained the following spells:

 Spells                   Type           Power      Damage    Failure   Level
 Scorch                   Fire           28%        2d6       6%          2
 Animate Skeleton         Necr           2%         N/A       19%         1
 Pain                     Necr           4%         1d4       19%         1
 Conjure Flame            Conj/Fire      9%         6-21      22%         3
 Inner Flame              Hex/Fire       8%         N/A       26%         3
 Vampiric Draining        Necr           1%         2d6       50%         3
 Flame Wave               Conj/Fire      9%         3d4       58%         4


Dungeon Overview and Level Annotations

Branches:
Dungeon (2/15)

Altars:

Shops:
D:1 *(**

Annotations:
D:2 Sigmund


Innate Abilities, Weirdness & Mutations

You cannot wear most types of armour.
You are amphibious.
You can wear up to eight rings at the same time.
Your skin changes colour to match your surroundings (Stealth+).
Your rubbery body absorbs attacks. (AC +1, EV +1)
((You are camouflaged near water. (Stealth+)))
You have tentacles for arms and can constrict up to eight enemies at once.


Message History

The foxfire hits something but does no damage.
The foxfire hits something.
Okay, then.
Your magical contamination has completely faded away.
Casting: Foxfire (safe; 8% risk of failure)
Confirm with . or Enter, or press ? or * to list all spells.
You conjure some foxfire!
Something completely misses you.
Unknown command.
It was a potion of might.
You feel very mighty all of a sudden.
The foxfire hits something but does no damage.
The foxfire hits something.
It was a potion of curing.
You feel better. Something hits you.
Casting: Foxfire (safe; 8% risk of failure)
Confirm with . or Enter, or press ? or * to list all spells.
You conjure some foxfire!
Unknown command.
The foxfire hits something. x2
A magic dart appears from out of thin air!
The magic dart hits you!
* * * LOW HITPOINT WARNING * * *
You aren't carrying any potions.
Casting: Foxfire (safe; 8% risk of failure)
Confirm with . or Enter, or press ? or * to list all spells.
You don't have enough magic to cast this spell.
Unknown command.
Casting: Foxfire (safe; 8% risk of failure)
Confirm with . or Enter, or press ? or * to list all spells.
You conjure some foxfire!
Unknown command.
Sigmund appears from thin air!
Reactivating autopickup.
The foxfire hits Sigmund but does no damage.
Sigmund is heavily wounded.
The foxfire hits Sigmund.
Sigmund is heavily wounded.
Sigmund flickers, as though insubstantial.
Sigmund hits you from afar with a +0 scythe!
Ouch! That really hurt!
You die...

#.#.#.......#.....
###.#.#.#...########
#.# #.......#...# #
##.## #.###..###### #
#...# #{###..# # #...#
#.#....# # #...#
#.#.##.# #
#####...######@#§##.#
#
#...........##..@...#
#
...............#§#####
#
#....................#
#####...###.##.#.###.#
#...# #.##.#.# #...#
#.##.... #...#
#.####.## ##.## #.#
#.# ... #.. #


You could see Sigmund.

Vanquished Creatures
  A dart slug (D:1)
  3 bats (D:1)
  2 endoplasms (D:1)
  A giant cockroach (D:1)
  A goblin (D:1)
  3 hobgoblins (D:1)
  2 quokkas
  A ball python (D:1)
  2 rats (D:1)
16 creatures vanquished.

Vanquished Creatures (others)
  68 foxfires
68 creatures vanquished.

Grand Total: 84 creatures vanquished

Notes
Turn   | Place    | Note
-------+----------+-------------------------------------------
     0 | D:1      | Conn the Octopode Fire Elementalist began the quest for the
                  | Orb.
     0 | D:1      | Reached XP level 1. HP: 11/11 MP: 3/3
   141 | D:1      | Found a faded altar of an unknown god.
   465 | D:1      | Found Etoghung's General Store.
   615 | D:1      | Found Yris's Antique Weapon Shoppe.
   620 | D:1      | Reached XP level 2. HP: 17/17 MP: 1/5
   796 | D:1      | Found Atohyem's Assorted Antiques.
  1130 | D:1      | Found Bufeih's Assorted Antiques.
  1556 | D:2      | Noticed Sigmund
  1602 | D:2      | Mangled by Sigmund

Illustrated notes

Levels and vault maps discovered:
D:1:      dpeg_arrival_simpleton_a, layout_loops_corners, serial_shops, shop,
          nicolae_shop_crystal, nicolae_diamond_shop, shop,
          ebering_ecumenical_altar_abandoned
D:2:      layout_loops_cross, uniq_sigmund

Skill      XL: |  1  2 |
---------------+-------+-----
Stealth        | 3 |  3.2
Dodging        | |  2.0
Spellcasting   | |  2.1
Conjurations   | |  1.0
Fire Magic     | |  3.6

Action                   || total
-------------------------++-------
Melee: Unarmed           ||     5
       Constrict         ||     4
       Tentacles         ||     2
 Cast: Foxfire           ||    40
  Use: Potion            ||     2
 Stab: Sleeping          ||     2
Dodge: Dodged            ||     7

Table legend: (Time is in decaauts)
 A = Elapsed time spent in this place.
 B = Non-inter-level travel time spent in this place.
 C = Inter-level travel time spent in this place.
 D = Time resting spent in this place.
 E = Time spent auto-exploring this place.
 F = Levels seen in this place.
 G = Mean time per level.
                   A        B        C        D        E       F      G
               +--------+--------+--------+--------+--------+-----+--------+
         Total |   1601 |   1550 |     51 |      0 |   1329 |   2 |  800.5 |
       Dungeon |   1601 |   1550 |     51 |      0 |   1329 |   2 |  800.5 |
               +--------+--------+--------+--------+--------+-----+--------+

Top non-repeatable levels by time:
     D:1: 1345 daAuts
     D:2: 255 daAuts
